 Dungeon Crawl Stone Soup version 0.32-a0-675-gdc239d62e1 (webtiles) character file.

Game seed: 13049777741975198636

3367 910rd the Mimic (level 9, -14/79 HPs)
             Began as a Pale Draconian Shapeshifter on Mar 11, 2024.
             Was a Believer of Beogh.
             Demolished by an ogre
             ... wielding a +0 giant club
              (19 damage)
             ... on level 9 of the Dungeon on Mar 12, 2024.
             The game lasted 00:22:38 (8582 turns).

910rd the Mimic (Pale Draconian Shapeshifter)       Turns: 8582, Time: 00:22:38

Health: -14/79     AC:  8    Str: 21    XL:     9   Next: 73%
Magic:  12/12      EV: 16    Int: 10    God:    Beogh [**....]
Gold:   539        SH:  0    Dex: 11    Spells: 8/8 levels left

rFire   . .          .
                       - Unarmed
rCold   + . .        (shield currently unavailable)
rNeg    + . .        (body armour unavailable)
rPois   .            (helmet restricted)
rElec   .            B - +0 cloak
rCorr   .            (no gloves)
SInv    .            (no boots)
Will    .....        (no amulet)
Stlth   +            w - ring of protection from cold
HPRegen 0.33/turn    l - ring of positive energy
MPRegen 0.13/turn

%: no passive effects
@: flux-form, glowing
A: glow, contaminating, steam breath, AC +7, unfitting armour, cold-blooded,
steam resistance
a: Steam Breath, Begin Untransformation, Renounce Religion, Smiting


You were on level 9 of the Dungeon.
You worshipped Beogh.
Beogh was pleased with you.
You were something dangerously unstable.
You visited 2 branches of the dungeon, and saw 10 of its levels.

You collected 539 gold pieces.

Inventory:

Hand Weapons
 x - a +1 dagger of electrocution
Missiles
 k - 16 poisoned darts (quivered)
 o - 3 darts of dispersal
 E - 5 javelins
Armour
 B - a +0 cloak (worn)
Magical Staves
 n - a staff of death
Jewellery
 g - a ring of magical power
 j - a ring of magical power
 l - a ring of positive energy (right hand)
 w - a ring of protection from cold (left hand)
 y - a ring of flight
 C - an amulet of faith
Talismans
 b - a beast talisman
 c - a flux talisman (active)
 u - a blade talisman
Wands
 t - a wand of charming (9)
 I - a wand of digging (6)
Scrolls
 d - 2 scrolls of enchant armour
 e - 6 scrolls of teleportation
 f - a scroll of noise
 p - 2 scrolls of vulnerability
 r - a scroll of enchant weapon
 s - a scroll of fog
 z - 4 scrolls of amnesia
Potions
 a - 2 potions of lignification
 h - 3 potions of resistance
 i - 2 potions of brilliance
 m - a potion of might
 q - 2 potions of curing
 A - 2 potions of attraction
 D - 2 potions of heal wounds
 F - a potion of mutation {unknown}
 G - a potion of cancellation {unknown}
 H - a potion of berserk rage {unknown}


   Skills:
 + Level 7.0 Fighting
 - Level 3.0 Dodging
 - Level 1.0 Stealth
 - Level 8.0 Unarmed Combat
 - Level 5.0 Invocations
 - Level 1.0 Evocations
 - Level 8.0 Shapeshifting


You had 8 spell levels left.
You didn't know any spells.
Your spell library contained the following spells:

 Spells                   Type           Power      Damage    Failure   Level
 Ensorcelled Hibernation  Hex/Ice        0%         N/A       50%         2
 Dazzling Flash           Conj/Hex       0%         N/A       75%         3
 Fugue of the Fallen      Necr           0%         N/A       75%         3
 Mephitic Cloud           Conj/Alch/Air  0%         N/A       75%         3
 Passwall                 Erth           0%         N/A       75%         3
 Swiftness                Air            0%         N/A       75%         3
 Anguish                  Hex/Necr       0%         N/A       98%         4
 Leda's Liquefaction      Alch/Erth      0%         N/A       98%         4
 Curse of Agony           Necr           0%         N/A       100%        5
 Lee's Rapid Deconstruct  Erth           0%         3d4*      100%        5
 Silence                  Hex/Air        0%         N/A       100%        5
 Bombard                  Conj/Erth      0%         9d1       100%        6


Dungeon Overview and Level Annotations

Branches:
Dungeon (9/15) Zot: 26812  Temple (1/1) D:7 Zot: 5998
   Lair: D:8-11         Orc: D:9-12

Altars:
Ashenzari
Cheibriados
Dithmenos
Elyvilon
Fedhas
Gozag
Hepliaklqana
Kikubaaqudgha
Makhleb
Nemelex Xobeh
Okawaru
Qazlal
Ru
Trog
Uskayaw
Vehumet
Wu Jian
Xom
Yredelemnul
Zin
The Shining One
Beogh

Annotations:
D:2 exclusion: downstairs


Innate Abilities, Weirdness & Mutations

You are something dangerously unstable.
You glow with magical radiation, making you easy to see and hit.
Foes you strike become dangerously contaminated with magical radiation.
You are incapable of wielding weapons or throwing items.
Your facial features look somewhat orcish.
You can breathe blasts of scalding, opaque steam.
Your pale cyan-grey scales are hard. (AC +7)
You cannot fit into any form of body armour.
You are cold-blooded and may be slowed by cold attacks.
You are immune to the effects of steam.


Message History

The orc warrior hits you from afar with a +0 trident.
* * * LOW HITPOINT WARNING * * *
You take 20 damage, and have 59/79 hp.
AAAAAHHHHHHH You hit the orc warrior.
The orc warrior begins to glow.
Your tail-slap misses the orc warrior.
The orc warrior is lightly wounded.
The orc priest barely misses the orc.
The orc hits the orc warrior but does no damage.
The orc hits the orc priest with a +0 dagger.
The orc priest dies!
The orc warrior completely misses you. The orc warrior barely misses you.
You hit the ogre.
The ogre begins to glow.
The ogre is moderately wounded.
The orc warrior closely misses you.
The orc hits the orc warrior but does no damage.
The orc warrior hits you from afar with a +0 halberd.
* * * LOW HITPOINT WARNING * * *
The ogre hits you with a +0 giant club!!
* * * LOW HITPOINT WARNING * * *
The orc warrior completely misses you.
You take 30 damage, and have 29/79 hp.
AAAAAHHHHHHH The orc warrior hits you with a +0 halberd!
* * * LOW HITPOINT WARNING * * *
The orc hits the orc warrior but does no damage.
You take 7 damage, and have 22/79 hp.
Okay, then.
Okay, then.
The orc warrior hits you from afar with a +0 halberd!
* * * LOW HITPOINT WARNING * * *
The orc barely misses the orc warrior.
You take 11 damage, and have 11/79 hp.
Okay, then.
The orc warrior attacks as it pursues you!
The orc warrior hits you from afar with a +0 halberd.
* * * LOW HITPOINT WARNING * * *
The ogre attacks as it pursues you!
The ogre hits you with a +0 giant club!!
You die...

...#######'#### ######....#
#### #.# ###.## #.# .#
##'#### ###+### ###
###.....# ###o$....# ..#
##.'....># ##oo)).)..# ..#
##..#.....####..#oo)_..#
..###..##....o##.Oo##...)$.#
..#...###.....'.p### oo.)..#
..'.### #.....#### .$o.$)#
..### ####### ....).# ###
#+#####


You could see 3 orc warriors, an ogre (contam) and 2 neutral orcs.

Vanquished Creatures
  3 steam dragons
  A water moccasin (D:6)
  3 black bears
  4 ice beasts
  An orc warrior (D:6)
  A sky beast (D:8)
  3 centaurs
  2 ogres
  2 phantoms
  A bullfrog (D:6)
  2 kobold brigands (D:7)
  A scorpion (D:5)
  A wight (D:6)
  10 killer bees
  2 howler monkeys
  A bombardier beetle (D:4)
  3 hounds
  2 jellies
  A gnoll bouda (D:4)
  4 iguanas
  A sleepcap (D:4)
  15 adders
  10 gnolls
  A shadow imp (D:6)
  A white imp (D:6)
  3 dart slugs
  A ribbon worm (D:3)
  9 orcs
  2 endoplasms (D:4)
  5 giant cockroaches
  4 goblins
  8 hobgoblins
  3 jackals (D:3)
  2 quokkas
  5 ball pythons
  A frilled lizard (D:1)
  16 kobolds
  5 rats
140 creatures vanquished.

Vanquished Creatures (others)
  A killer bee (D:5)
  An orc priest (D:9)
  16 orcs
  A hobgoblin (D:4)
19 creatures vanquished.

Grand Total: 159 creatures vanquished

Notes
Turn   | Place    | Note
-------+----------+-------------------------------------------
     0 | D:1      | 910rd the Draconian Shapeshifter began the quest for the
                  | Orb.
     0 | D:1      | Reached XP level 1. HP: 16/16 MP: 1/1
     0 | D:1      | Upgraded the game from 0.32-a0-673-g3729bd50f8 to
                  | 0.32-a0-675-gdc239d62e1
   418 | D:1      | Reached XP level 2. HP: 23/23 MP: 2/2
  1165 | D:2      | Reached XP level 3. HP: 19/28 MP: 3/3
  1323 | D:2      | Found a faded altar of an unknown god.
  1554 | D:3      | Noticed an ice beast
  1703 | D:3      | Reached XP level 4. HP: 22/35 MP: 4/4
  1898 | D:3      | You fall into a shaft and drop 3 floors!
  1948 | D:6      | Reached skill level 5 in Shapeshifting
  2066 | D:6      | Noticed a black bear
  2082 | D:6      | Killed a black bear
  2083 | D:6      | Reached XP level 5. HP: 19/40 MP: 5/5
  2204 | D:6      | Noticed an orc warrior
  2236 | D:5      | Entered Level 5 of the Dungeon
  2271 | D:5      | Found a bloodstained altar of Trog.
  2281 | D:5      | Found a sparkling altar of Nemelex Xobeh.
  2291 | D:5      | Became a worshipper of Beogh the Shepherd
  2462 | D:5      | Reached XP level 6. HP: 20/47 MP: 6/6
  2589 | D:5      | Found a burning altar of Makhleb.
  3032 | D:3      | Your scales start taking on a pale cyan-grey colour.
  3032 | D:3      | Reached XP level 7. HP: 57/57 MP: 7/7
  3032 | D:3      | Gained mutation: You are immune to the effects of steam.
                  | [Pale Draconian growth]
  3094 | D:3      | Found a glowing silver altar of Zin.
  3109 | D:3      | Found a snail-covered altar of Cheibriados.
  3231 | D:3      | Found a white marble altar of Elyvilon.
  3926 | D:4      | Reached * piety under Beogh
  4095 | D:4      | Found a shimmering altar of Xom.
  4095 | D:4      | Found a glowing golden altar of the Shining One.
  4150 | D:4      | Reached skill level 5 in Unarmed Combat
  4289 | D:4      | Found an ancient bone altar of Kikubaaqudgha.
  4367 | D:4      | Reached skill level 1 in Invocations
  4802 | D:5      | Found a radiant altar of Vehumet.
  4889 | D:5      | Reached XP level 8. HP: 49/63 MP: 10/10
  5000 | D:5      | Reached skill level 1 in Stealth
  5236 | D:5      | Reached skill level 1 in Evocations
  6308 | D:6      | Found a stormy altar of Qazlal.
  6730 | D:6      | Reached skill level 5 in Fighting
  6882 | D:7      | Found a sacrificial altar of Ru.
  6904 | D:7      | Reached ** piety under Beogh
  6905 | D:7      | Reached XP level 9. HP: 59/74 MP: 11/11
  7400 | D:7      | Found a staircase to the Ecumenical Temple.
  7446 | Temple   | Entered the Ecumenical Temple
  8053 | D:8      | Found a basalt altar of Yredelemnul.
  8411 | D:9      | Reached skill level 5 in Invocations
  8569 | D:9      | Found a roughly hewn altar of Beogh.
  8582 | D:9      | Demolished by an ogre

Illustrated notes

Levels and vault maps discovered:
D:1:      minmay_arrival_split_and_join, layout_basic
D:2:      layout_rooms, ebering_ecumenical_altar_abandoned,
          chequers_serial_rivers_room_a
D:3:      layout_basic, mainiacjoe_overflow_boulevard, slow_altar_2,
          zin_statuary, grunt_decor_clamped, minmay_hedge_maze
D:4:      layout_gridville, gammafunk_temple_overflow_elements,
          nicolae_kikubaaqudgha_miasma_corner, minmay_misc_feat_ornament
D:5:      layout_layer_cave, nicolae_overflow_quartered_altars,
          kennysheep_cluttered_room, st_stairs_14, guppyfry_early_lair_pool
D:6:      minmay_chambers_of_fours, layout_loops_ring,
          nicolae_qazlal_general_emergency, kennysheep_generic_room_5
D:7:      layout_loops_corners, nicolae_ru_awakened_eye,
          minmay_temple_entry_junction
D:8:      layout_cave_pools, mainiacjoe_overflow_paths
D:9:      layout_roguey [special_room_orc], tgw_sif, enter_bailey_3
Temple:   hellmonk_temple_beads

Skill      XL: |  1  2  3  4  5  6  7  8  9 |
---------------+----------------------------+-----
Shapeshifting  | 4 5 6 7 8 |  8.0
Fighting       | 3 5 7 |  7.0
Unarmed Combat | 5 6 8 |  8.0
Dodging        | 2 3 |  3.0
Invocations    | 3 5 |  5.0
Stealth        | 1 |  1.0
Evocations     | 1 |  1.0

Action                     |  1- 3 |  4- 6 |  7- 9 || total
---------------------------+-------+-------+-------++-------
  Melee: Unarmed           |    91 |   217 |   312 ||   620
         Tailslap          |     6 |    55 |    43 ||   104
         Punch             |     3 |    11 |       ||    14
  Throw: Dart              |     1 |     6 |       ||     7
 Invoke: Convert to Beogh  |       |     1 |       ||     1
Ability: Steam Breath      |       |       |     1 ||     1
  Evoke: Wand              |       |       |     1 ||     1
    Use: Potion            |       |     1 |     2 ||     3
         Scroll            |       |     3 |    13 ||    16
   Stab: Sleeping          |       |     1 |       ||     1
 Armour: Skin              |    39 |    69 |   178 ||   286
  Dodge: Dodged            |    41 |    85 |   266 ||   392
   Form: Flux              |       |     1 |       ||     1

Table legend: (Time is in decaauts)
 A = Elapsed time spent in this place.
 B = Non-inter-level travel time spent in this place.
 C = Inter-level travel time spent in this place.
 D = Time resting spent in this place.
 E = Time spent auto-exploring this place.
 F = Levels seen in this place.
 G = Mean time per level.
                   A        B        C        D        E       F      G
               +--------+--------+--------+--------+--------+-----+--------+
         Total |   8530 |   8136 |    394 |    547 |   5832 |  10 |  853.0 |
       Dungeon |   8528 |   8134 |    394 |    547 |   5832 |   9 |  947.6 |
        Temple |      1 |      1 |      0 |      0 |      0 |   1 |    1.0 |
               +--------+--------+--------+--------+--------+-----+--------+

Top non-repeatable levels by time:
     D:5: 1474 daAuts
     D:6: 1402 daAuts
     D:4: 1264 daAuts
     D:3: 1133 daAuts
     D:1: 963 daAuts
     D:7: 908 daAuts
     D:8: 598 daAuts
     D:2: 598 daAuts
     D:9: 186 daAuts
  Temple: 1 daAuts
